[Event "FIDE WY-U16 Olympiad 2022"]
[Site "Nakhchivan"]
[Date "2022.10.06"]
[Round "5.18"]
[White "Shamatava, Nikolozi"]
[Black "Akin, Yagiz Cinar"]
[Result "0-1"]
[ECO "E62"]
[WhiteElo "1957"]
[BlackElo "2249"]
[Annotator "TA"]
[PlyCount "76"]
[EventDate "2022.10.02"]
[EventType "team-tourn"]
[EventCountry "AZE"]
[SourceTitle "playchess.com"]
[Source "ChessBase"]
[SourceQuality "1"]
[WhiteTeam "Georgia"]
[BlackTeam "Turkey"]
[WhiteTeamCountry "GEO"]
[BlackTeamCountry "TUR"]
[TimeControl "40/5400+30:1800+30"]

1. d4 Nf6 2. c4 g6 3. g3 Bg7 4. Bg2 d6 5. Nc3 O-O 6. Nf3 c6 7. O-O Qa5 {[%emt 0:00:08] The old main line.} 8. e4 e5 9. Re1 Nbd7 {[%emt 0:16:34] E62: King's Indian: Fianchetto: 6...c6 and Panno Variation (6...Nc6) without ...a6.} 10. Qc2 (10. d5) (10. d5 $14) 10... exd4 $11 11. Nxd4 {[%emt 0:00:22] [#]} Ng4 $146 (11... Ne8 12. Be3 Ne5) (11... Re8 $11) ({Predecessor:} 11... Re8 12. Bf4 Ne5 13. Nb3 Qc7 14. Rad1 Nh5 15. Bxe5 dxe5 16. Qe2 Bf8 17. Nd2 Be6 {0-1 (56) Li,H-Tionko,E (1844) Wellington 2014}) 12. Rd1 $1 $14 Nge5 13. b3 Nc5 14. Bb2 Qb6 15. Nce2 Ncd3 16. Bc3 $16 (16. Rxd3 Nxd3 17. Qxd3 c5 $11) 16... c5 {[%emt 0:06:27] [#]} 17. Nf3 (17. Rxd3 $6 Nxd3 18. Qxd3 cxd4 19. Nxd4 Re8 $11) (17. Nf5 $1 $16 {Hoping for Ne7+.} gxf5 18. Rxd3) 17... Nxf3+ $1 $11 18. Bxf3 Ne5 19. Bg2 {[%emt 0:00:11] f4 is the strong threat.} Bg4 20. f4 Bxe2 21. Qxe2 Nc6 22. Bxg7 Kxg7 23. Rd5 Nd4 24. Qd2 f5 25. exf5 gxf5 26. Re1 Rae8 {[%emt 0:00:59] [#] Inhibits Re7+.} 27. Re3 (27. b4 $1 $16) 27... Qd8 28. g4 Rxe3 29. Qxe3 fxg4 {[%emt 0:00:38][%cal Of8f4] White must now prevent ...Rxf4!} 30. Rg5+ {[%emt 0:07:46][%mdl 64] Discovered Attack} Kh8 31. Qe4 {[%emt 0:02:37][%mdl 8192] [#]} (31. Rxg4 $11 Re8 32. Qf2 (32. Qc3 Qf6 $11)) 31... Rxf4 $3 $19 {[%emt 0:00:13][%mdl 512] Black is clearly winning.} 32. Qd5 (32. Rxg4 Rxe4) 32... Qf8 {[%emt 0:00:59] ( -> ...Ne2+)} 33. h3 Ne2+ 34. Kh2 g3+ 35. Rxg3 Nxg3 36. Kxg3 Rd4 {[%emt 0:00:03][%csl Gd4][%cal Rf8f4] Against Qd2} 37. Qg5 {[%emt 0:00:23] Inhibits Qf4+.} Qg7 38. Qxg7+ Kxg7 {[%emt 0:00:04] Weighted Error Value: White=0.45/Black=0.28 (precise)} 0-1

[Event "FIDE WY-U16 Olympiad 2022"]
[Site "Nakhchivan"]
[Date "2022.10.06"]
[Round "5.18"]
[White "Abdullabayli, Rajab"]
[Black "Chen, Rachel Ruoxuan"]
[Result "0-1"]
[ECO "C77"]
[WhiteElo "1547"]
[BlackElo "1805"]
[Annotator "NA RC COMBH"]
[PlyCount "112"]
[EventDate "2022.10.02"]
[EventType "team-tourn"]
[EventCountry "AZE"]
[SourceTitle "playchess.com"]
[Source "ChessBase"]
[SourceQuality "1"]
[WhiteTeam "Azerbaijan"]
[BlackTeam "Canada"]
[WhiteTeamCountry "AZE"]
[BlackTeamCountry "CAN"]
[TimeControl "40/5400+30:1800+30"]

1. e4 e5 2. Nf3 Nc6 3. Bb5 a6 4. Ba4 Nf6 5. d3 Bc5 6. O-O b5 7. Bb3 d6 8. c3 O-O 9. Nbd2 h6 10. Re1 Re8 11. Nf1 Be6 12. Ne3 $11 d5 13. d4 exd4 14. cxd4 Bb4 15. exd5 Nxd5 16. Bd2 Bxd2 17. Qxd2 Qd6 18. Ne5 Nxe3 19. Qxe3 Bxb3 20. Qxb3 Nxe5 21. dxe5 Rxe5 22. Red1 Qe7 23. Rac1 c5 24. a4 bxa4 25. Qxa4 Rb8 26. Qa3 Re2 27. b3 Qe6 28. Qxc5 Rxb3 29. Qc4 Qxc4 30. Rxc4 Rb8 31. Ra4 Ra8 32. Ra5 Kf8 33. Kf1 Re6 34. f3 Ke7 35. Rb1 Ra7 36. Kf2 Kd7 37. g4 Kc7 38. Kg3 Rb6 39. Rc1+ Kb7 40. Rac5 a5 41. Ra1 a4 42. Ra3 Rb4 43. Rac3 Ka6 44. Rd3 Kb6 45. Rcc3 Ka5 46. Rd5+ Rb5 47. Rd4 Rb3 48. Rcc4 Kb5 49. Rc8 a3 50. Rdc4 Rb4 51. Rc2 Ka4 52. Rc1 Rb2 53. R8c4+ Kb3 54. R4c3+ Ka2 55. Re3 Rab7 56. Kh3 R7b3 0-1

[Event "FIDE WY-U16 Olympiad 2022"]
[Site "Nakhchivan"]
[Date "2022.10.06"]
[Round "5.19"]
[White "Yavuz, Efe Metehan"]
[Black "Kirtadze, Anastasia"]
[Result "1-0"]
[ECO "A05"]
[WhiteElo "2223"]
[BlackElo "1814"]
[Annotator "TA"]
[PlyCount "143"]
[EventDate "2022.10.02"]
[EventType "team-tourn"]
[EventCountry "AZE"]
[SourceTitle "playchess.com"]
[Source "ChessBase"]
[SourceQuality "1"]
[WhiteTeam "Turkey"]
[BlackTeam "Georgia"]
[WhiteTeamCountry "TUR"]
[BlackTeamCountry "GEO"]
[TimeControl "40/5400+30:1800+30"]

1. Nf3 Nf6 2. b3 c5 3. Bb2 Nc6 4. e3 e6 5. Be2 Be7 6. O-O O-O 7. d4 b6 8. c4 cxd4 9. Nxd4 Nxd4 (9... Bb7) 10. Qxd4 Bb7 11. Nc3 Bc6 {[%emt 0:13:04] A30: Symmetrical English: Double Fianchetto and Hedgehog.} 12. Rfd1 Qc7 13. a3 Qb7 {[%emt 0:12:35] The position is equal.} 14. Bf1 a5 {[%emt 0:02:56] [#]} 15. Qf4 $146 ({Predecessor:} 15. Rd2 Rfd8 16. Rad1 Bf8 17. Qh4 h6 18. Qg3 Qb8 19. Be2 Qxg3 20. hxg3 Rdc8 21. Bf3 {½-½ (57) Badea,B (2492)-Barnaure,V (2416) Bucharest 2006}) 15... d6 16. Qg3 e5 17. Be2 Ne4 18. Nxe4 Bxe4 19. a4 f5 20. Bf3 (20. f3 $5 Bc6 21. Qf2 $11) 20... Rf6 21. Bxe4 fxe4 22. Rd5 {[%emt 0:01:30] Threatens to win with Qg4.} Raf8 23. Rf1 (23. Qg4 $11 {remains equal.}) 23... Qc8 $1 $17 24. h3 $2 (24. Qh4 $17 {was called for.} Qf5 25. Qh3) 24... Rg6 $19 25. Qh2 Rf3 26. Kh1 {[%emt 0:01:04] [#]} Rh6 $2 27. Kg1 $2 (27. gxf3 $2 exf3 28. Bxe5 Rxh3 $19) (27. Rb5 $17 {was the only defense.}) 27... Qf5 $1 28. Bxe5 (28. Ba3 {is a better defense.}) 28... dxe5 29. Qxe5 {[%emt 0:00:36] [#]} Rfxh3 $1 30. gxh3 (30. Qxf5 $2 Rh1#) 30... Qxh3 (30... Rg6+ $1 $19 31. Kh2 Qxe5+ 32. Rxe5 Bd6) 31. Rd8+ $1 $11 Kf7 32. Qd5+ Re6 33. Rd7 Ke8 34. Rxe7+ $1 Kxe7 {[%emt 0:00:24][%mdl 4096] Endgame KQR-KQR} 35. Qb7+ $1 ({Don't blunder} 35. Qg5+ $2 Ke8 36. Rd1 Rg6 37. Rd8+ Kf7 38. Qxg6+ hxg6 $19) 35... Ke8 36. Qc8+ Ke7 37. Qc7+ Ke8 {[%emt 0:00:33][%cal Be7e8,Be8f7,Bf7f6,Bf6f5,Bf5g4][%mdl 32] Hoping for ...Rg6+.} 38. Qc8+ Kf7 {[%emt 0:00:23] ( -> ...Rg6+)} 39. Qc7+ Kf6 40. Qf4+ Qf5 41. Qxf5+ Kxf5 {[%emt 0:30:01] KR-KR} 42. Rd1 Rg6+ 43. Kh2 Kg4 {[%emt 0:00:00] And now ...Kf3 would win.} 44. Kg2 h5 {[%emt 0:00:00] White must now prevent ...h4.} 45. Rd4 Re6 46. f3+ $1 Kf5 47. Rd5+ Re5 48. Rd6 h4 $2 (48... exf3+ $11 {and Black stays safe.} 49. Kxf3 Re6 50. Rd5+ Kg6) 49. f4 $1 $18 Re8 50. Rxb6 Rd8 51. Rb5+ Kf6 52. Kh3 ({Not} 52. Rxa5 Rd3 $16) 52... Rd3 53. Kxh4 Rxe3 54. Kg4 Rc3 55. Rf5+ Kg6 (55... Ke6 $142 56. Rxa5 Rxb3 57. Ra6+ (57. Re5+ Kf7 $16) 57... Ke7 58. Ra7+ Kf6) 56. Rxa5 Rxb3 57. Rb5 {[%emt 0:02:33] Prevents Rb4.} (57. f5+ $142 Kf6 58. Kf4) 57... Rc3 58. Rc5 Kf6 $2 (58... Rf3 59. a5 Rf1 60. Rg5+ Kf6) 59. Rc6+ Ke7 60. a5 $1 Kd7 {[%emt 0:00:32] [#]} 61. Rc5 $1 {[%emt 0:01:43] aiming for a6.} Kd6 $2 {[%emt 0:01:32] [#]} (61... Rc1 62. f5 Kd6 63. Rd5+ Kc7) 62. Rd5+ $1 Kc6 63. Rd4 Re3 64. Kf5 Ra3 65. Kg6 $2 ({White must play} 65. Rxe4 $18 Rxa5+ 66. Kg6) 65... Rg3+ $1 $11 66. Kf5 $2 (66. Kh5 $11 g6+ 67. Kh4) 66... Ra3 $1 $18 67. Rxe4 Rxa5+ 68. Kg6 Ra7 69. f5 Kc5 70. Rh4 Rd7 71. Rh7 Kxc4 72. f6 {[%emt 0:00:37] What a bad dream for Black.  Weighted Error Value: White=0.22 (precise) /Black=0.30} 1-0